 Dungeon Crawl Stone Soup version 0.27-a0-679-g77a6b55cf3 (webtiles) character file.

Game seed: 11577239473497059952

739 night the Ruffian (level 7, -2/52 HPs)
             Began as a White Draconian Transmuter on Mar 18, 2021.
             Shot with an arrow by a centaur (13 damage)
             ... on level 5 of the Dungeon.
             The game lasted 00:11:57 (4700 turns).

night the Ruffian (White Draconian Transmuter)      Turns: 4700, Time: 00:11:57

Health: -2/52      AC: 10    Str: 14    XL:     7   Next: 46%
Magic:  10/10      EV: 12    Int: 14    God:
Gold:   333        SH:  0    Dex: 11    Spells: 2/10 levels left

rFire    . . .     SeeInvis .     - Unarmed
rCold    + . .     Faith    .   (no shield)
rNeg     . . .     Spirit   .   (armour unavailable)
rPois    .         Reflect  .   (helmet restricted)
rElec    .         Harm     .   (no cloak)
rCorr    .         Rampage  .   (no gloves)
Will     +....                  (no boots)
Stlth    +.........             (no amulet)
HPRegen  0.17/turn              l - ring of willpower
MPRegen  0.12/turn              o - +4 ring of protection

@: no status effects
A: breathe frost, AC +6, unfitting armour, cold resistance 1, cold-blooded
a: Breathe Frost


You were on level 5 of the Dungeon.
You visited 1 branch of the dungeon, and saw 5 of its levels.

You collected 333 gold pieces.

Inventory:

Hand Weapons
 t - a +0 hunting sling
Missiles
 c - 49 stones
 d - 17 poisoned darts (quivered)
 e - 37 bolts
 h - 2 boomerangs
 r - 17 arrows
Jewellery
 f - a ring of poison resistance
 l - a ring of willpower (right hand)
 o - a +4 ring of protection (left hand)
Wands
 n - a wand of mindburst (12)
Scrolls
 a - a scroll of immolation {unknown}
 g - a scroll of torment {unknown}
 i - 4 scrolls of identify {unknown}
 m - a scroll of brand weapon {unknown}
 q - a scroll of amnesia {unknown}
 s - a scroll of noise {unknown}
 u - 2 scrolls of fog {unknown}
Potions
 b - 2 potions of curing
 j - a potion of brilliance {unknown}
 k - a potion of flight


   Skills:
 - Level 1.1 Fighting
 - Level 1.7 Dodging
 * Level 7.4 Unarmed Combat
 - Level 2.0 Spellcasting
 + Level 5.1 Transmutations


You had 2 spell levels left.
You knew the following spells:

 Your Spells              Type           Power      Damage    Failure   Level
a - Beastly Appendage     Tmut           30%        N/A       3%          1
b - Wereblood             Tmut           15%        N/A       4%          2
c - Blade Hands           Tmut           7%         N/A       63%         5

Your spell library contained the following spells:

 Spells                   Type           Power      Damage    Failure   Level
 Spider Form              Tmut/Pois      4%         N/A       26%         3
 Ice Form                 Ice/Tmut       8%         N/A       63%         4


Dungeon Overview and Level Annotations

Branches:
Dungeon (5/15)
 Temple: D:4-7

Altars:
Nemelex Xobeh
Ru
Wu Jian

Annotations:
D:5 Edmund, Grinder


Innate Abilities, Weirdness & Mutations

You can breathe waves of freezing cold.
You can buffet flying creatures when you breathe cold.
Your icy white scales are hard. (AC +6)
You cannot fit into any form of body armour.
Your flesh is cold resistant. (rC+)
You are cold-blooded and may be slowed by cold attacks.


Message History

You kill the worker ant!
Press: ? - help, Shift-Dir - straight line, f - gnoll
Aim: a gnoll, wielding a +0 halberd You exhale a wave of freezing cold.
The freezing breath hits the gnoll!
The gnoll is severely wounded.
The gnoll hits you with a +0 halberd.
You hit the gnoll.
The gnoll is almost dead.
The gnoll hits you with a +0 halberd!
You hit the gnoll.
You kill the gnoll!
Things that are here:
a +0 halberd; a gnoll corpse You start resting.
You have got your breath back.
You start resting.
HP restored.
You see here a worker ant corpse.
You open the door.
A centaur and Edmund come into view.
Edmund is wielding a +0 flail of protection.
The centaur shouts!
The centaur wields a +0 shortbow.
The centaur shoots an arrow.
The arrow hits you!
You hear a bark!
The centaur shoots an arrow.
The arrow hits you!
A hound comes into view.
You see here a worker ant corpse.
Things that are here:
a +0 halberd; a gnoll corpse Edmund says, "You wouldn't believe how much I paid for this flail."
The centaur shoots an arrow.
The arrow hits you!
The hound pauses to sniff the ground.
The centaur shoots an arrow.
The arrow misses you.
The centaur shoots an arrow.
The arrow completely misses you.
Edmund says, "People accused me of being a cutpurse!"
The centaur shoots an arrow.
The arrow hits you!
* * * LOW HITPOINT WARNING * * *
The centaur shoots an arrow.
The arrow hits you!
You die...

#+# #.# ...
###.### ..h.
#.....# .....
#.....# .....
####.....#
.....
+.......h#
.....
####...c@#####
.....
##........#
....
#.##@###.# ...
#.##.# #.# +#
#.##.# #.#
#.##.# #.#
#.##.# #.#
#.##.###.#
#<.......#
####.##### #.#


You could see Edmund, a centaur and a hound.

Vanquished Creatures
  Duvessa (D:4)
  2 ogres (D:4)
  Dowan (D:4)
  A quasit (D:5)
  5 worker ants
  Natasha (twice) (D:3)
  2 orc wizards
  A gnoll (D:5)
  8 adders
  A white imp (D:4)
  A worm (D:2)
  A leopard gecko (D:3)
  4 orcs
  A ball python (D:3)
  10 bats
  4 giant cockroaches
  9 goblins
  3 hobgoblins
  2 jackals (D:2)
  6 kobolds
  A quokka (D:2)
  5 frilled lizards
  A jackal skeleton (D:4)
  2 quokka skeletons
  6 rats
80 creatures vanquished.

Vanquished Creatures (others)
  A fungus (D:3)
  3 toadstools (D:3)
4 creatures vanquished.

Grand Total: 84 creatures vanquished

Notes
Turn   | Place    | Note
-------+----------+-------------------------------------------
     0 | D:1      | night the Draconian Transmuter began the quest for the Orb.
     0 | D:1      | Reached XP level 1. HP: 16/16 MP: 3/3
   156 | D:1      | Reached XP level 2. HP: 19/23 MP: 5/5
   862 | D:2      | Learned a level 2 spell: Wereblood
   904 | D:2      | Reached skill level 4 in Unarmed Combat
   904 | D:2      | Reached XP level 3. HP: 19/28 MP: 2/6
  1412 | D:2      | Reached XP level 4. HP: 35/35 MP: 7/7
  2345 | D:3      | Found a sacrificial altar of Ru.
  2626 | D:3      | Noticed Natasha
  2635 | D:3      | Killed Natasha
  2636 | D:3      | Reached skill level 5 in Unarmed Combat
  2636 | D:3      | Reached XP level 5. HP: 38/40 MP: 6/8
  2788 | D:3      | Noticed Natasha
  2798 | D:3      | Killed Natasha
  3066 | D:3      | Found an ornate altar of the Wu Jian Council.
  3493 | D:4      | Noticed Duvessa
  3494 | D:4      | Noticed Dowan
  3529 | D:4      | Killed Duvessa
  3530 | D:4      | Reached skill level 6 in Unarmed Combat
  3530 | D:4      | Reached XP level 6. HP: 18/47 MP: 9/9
  3539 | D:4      | Killed Dowan
  3767 | D:4      | Found a sparkling altar of Nemelex Xobeh.
  3807 | D:4      | Your scales start taking on an icy white colour.
  3807 | D:4      | Reached XP level 7. HP: 45/52 MP: 7/10
  3807 | D:4      | Gained mutation: Your flesh is cold resistant. (rC+) [White
                  | Draconian growth]
  3987 | D:4      | Learned a level 5 spell: Blade Hands
  4109 | D:4      | Reached skill level 7 in Unarmed Combat
  4341 | D:5      | Entered Level 5 of the Dungeon
  4341 | D:5      | Noticed Grinder
  4429 | D:5      | Reached skill level 5 in Transmutations
  4651 | D:5      | Noticed Edmund
  4700 | D:5      | Shot with an arrow by a centaur

Illustrated notes

Levels and vault maps discovered:
D:1:      co_arrival_random_square_maze, layout_basic
D:2:      layout_rooms, serial_forest, infiniplex_forest_lined_3,
          infiniplex_forest_fountain, infiniplex_forest_straight_3,
          infiniplex_forest_diagonal, infiniplex_forest_lined_ring,
          infiniplex_forest_lined_room_2, minmay_tripent
D:3:      layout_basic, marbit_many_paths, nicolae_ru_sacrificial_ziggurat,
          serial_corexii_hall, corexii_hall_statues_l, corexii_hall_statues_x,
          chequers_hall_statues_y, corexii_hall_statues_x,
          chequers_hall_statues_y, corexii_hall_statues_i,
          minmay_gold_behind_fungi, uniq_natasha
D:4:      layout_cave_pools, nicolae_overflow_crystal_walls, uniq_duvessa
D:5:      layout_loops_corners, gammafunk_temple_overflow_statue,
          temple_fountains, grunt_qazlal_clouds, uniq_blork_the_orc,
          uniq_grinder, uniq_edmund

Skill      XL: |  1  2  3  4  5  6  7 |
---------------+----------------------+-----
Unarmed Combat | 4 5 6 7 |  7.4
Transmutations | 3 4 5 |  5.1
Fighting       | |  1.1
Dodging        | |  1.7
Spellcasting   | |  2.0

Action                   |  1- 3 |  4- 6 |  7- 9 || total
-------------------------+-------+-------+-------++-------
Melee: Unarmed           |    95 |   173 |    48 ||   316
       Tailslap          |    10 |     8 |     4 ||    22
       Kick              |     7 |    22 |     2 ||    31
       Headbutt          |     6 |    13 |     2 ||    21
       Punch             |       |     4 |     2 ||     6
Throw: Dart              |       |     2 |    11 ||    13
 Cast: Beastly Appendage |     9 |    19 |     2 ||    30
       Wereblood         |     2 |     2 |       ||     4
 Abil: Breathe Frost     |       |       |     2 ||     2
Evoke: Wand              |       |     7 |       ||     7
  Use: Potion            |       |     5 |       ||     5
 Stab: Sleeping          |     2 |       |       ||     2
Armor: Skin              |    30 |    49 |    24 ||   103
Dodge: Dodged            |    50 |   102 |    42 ||   194

Table legend: (Time is in decaauts)
 A = Elapsed time spent in this place.
 B = Non-inter-level travel time spent in this place.
 C = Inter-level travel time spent in this place.
 D = Time resting spent in this place.
 E = Time spent auto-exploring this place.
 F = Levels seen in this place.
 G = Mean time per level.
                   A        B        C        D        E       F      G
               +--------+--------+--------+--------+--------+-----+--------+
         Total |   4662 |   4500 |    162 |    392 |   3201 |   5 |  932.4 |
       Dungeon |   4662 |   4500 |    162 |    392 |   3201 |   5 |  932.4 |
               +--------+--------+--------+--------+--------+-----+--------+

Top non-repeatable levels by time:
     D:3: 1411 daAuts
     D:2: 1045 daAuts
     D:4: 1014 daAuts
     D:1: 855 daAuts
     D:5: 335 daAuts
